| TOP OF THE 1ST |
|
Beloit Snappers batting - Pitching for Cedar Rapids Kernels : LHP Kazuo Nishihara
|
|
Pitching: LHP Kazuo Nishihara
|
|
|
Batting: SHB Robert Santiago
|
0-0: Ball 1-0: DOUBLE (Line Drive, 9LS, EV 91.9 MPH)
|
|
Batting: RHB Tim Cordle
|
0-0: Fly out, F9 (Flyball, 89D, EV 103.8 MPH) Runner from 2nd tags up, SAFE at 3rd, no throw by RF
|
|
Batting: RHB Matt Black
|
0-0: Called Strike 0-1: Swinging Strike 0-2: Strikes out swinging
|
|
Batting: LHB Angel Sanchez
|
0-0: Foul Ball, location: 2F 0-1: Foul Ball, location: 2F 0-2: Foul Ball, location: 2F 0-2: Foul Ball, location: 2F 0-2: Ball 1-2: Foul Ball, location: 2F 1-2: Foul Ball, location: 2F 1-2: Strikes out swinging
|
| Top of the 1st over - 0 runs, 1 hit, 0 errors, 1 left on base; Beloit 0 - Cedar Rapids 0 |
| BOTTOM OF THE 1ST |
|
Cedar Rapids Kernels batting - Pitching for Beloit Snappers : RHP Eric Stevenson
|
|
Pitching: RHP Eric Stevenson
|
|
|
Batting: SHB Matt Urbani
|
0-0: Ball 1-0: Called Strike 1-1: Ball 2-1: Ground out 4-3 (Groundball, 4, EV 85.0 MPH)
|
|
Batting: RHB Sean Gould
|
0-0: Ball 1-0: Called Strike 1-1: Swinging Strike 1-2: Ball 2-2: Foul Ball, location: 2F 2-2: Foul Ball, location: 2F 2-2: Foul Ball, location: 2F 2-2: Ball 3-2: Foul Ball, location: 2F 3-2: Fly out, F7 (Flyball, 7D, EV 102.5 MPH)
|
|
Batting: RHB Matt Dunn
|
0-0: Ball 1-0: Ball 2-0: Foul Ball, location: 2F 2-1: Called Strike 2-2: Ball 3-2: Foul Ball, location: 2F 3-2: Ground out 4-3 (Groundball, 4, EV 95.6 MPH)
|
| Bottom of the 1st over - 0 runs, 0 hits, 0 errors, 0 left on base; Beloit 0 - Cedar Rapids 0 |
| TOP OF THE 2ND |
|
Beloit Snappers batting - Pitching for Cedar Rapids Kernels : LHP Kazuo Nishihara
|
|
Batting: RHB Corbin Schenn
|
0-0: Ball 1-0: Foul Ball, location: 2F 1-1: Fly out, F7 (Flyball, 7, EV 92.5 MPH)
|
|
Batting: RHB Bastiaan Leenders
|
0-0: Ball 1-0: Called Strike 1-1: Ball 2-1: Foul Ball, location: 2F 2-2: Foul Ball, location: 2F 2-2: Ball 3-2: Foul Ball, location: 2F 3-2: Foul Ball, location: 2F 3-2: Base on Balls
|
|
Batting: RHB Fathi Addae
|
0-0: Called Strike Bastiaan Leenders steals 2nd base 0-1: Foul Ball, location: 2F 0-2: Ball 1-2: Ball 2-2: Foul Ball, location: 2F 2-2: Strikes out looking
|
|
Batting: LHB Henry Hutson
|
0-0: Ground out 5-3 (Groundball, 56S, EV 62.5 MPH)
|
| Top of the 2nd over - 0 runs, 0 hits, 0 errors, 1 left on base; Beloit 0 - Cedar Rapids 0 |
| BOTTOM OF THE 2ND |
|
Cedar Rapids Kernels batting - Pitching for Beloit Snappers : RHP Eric Stevenson
|
|
Batting: SHB Dan Morataya
|
0-0: Ball 1-0: Ball 2-0: Foul Ball, location: 2F 2-1: Ball 3-1: Called Strike 3-2: Base on Balls
|
|
Batting: RHB Ryan Gautney
|
0-0: Ball Dan Morataya is caught stealing 2nd base 2-4 1-0: Ball 2-0: Ball 3-0: Base on Balls
|
|
Batting: LHB David Campbell
|
0-0: Called Strike 0-1: Foul Ball, location: 2F 0-2: Ball 1-2: Foul Ball, location: 2F 1-2: Foul Ball, location: 2F 1-2: Ball 2-2: Foul Ball, location: 2F 2-2: Strikes out swinging
|
|
Batting: LHB Israel Montoya
|
0-0: Foul Ball, location: 2F 0-1: Swinging Strike 0-2: Strikes out swinging, 2-3 out at first.
|
| Bottom of the 2nd over - 0 runs, 0 hits, 0 errors, 1 left on base; Beloit 0 - Cedar Rapids 0 |
| TOP OF THE 3RD |
|
Beloit Snappers batting - Pitching for Cedar Rapids Kernels : LHP Kazuo Nishihara
|
|
Batting: RHB D.J. Torres
|
0-0: Ball 1-0: Swinging Strike 1-1: Swinging Strike 1-2: Ball 2-2: Strikes out looking
|
|
Batting: SHB Robert Santiago
|
0-0: Ball 1-0: Ball 2-0: Ball 3-0: Called Strike 3-1: Fly out, F6 (Popup, 6MD, EV 56.2 MPH)
|
|
Batting: RHB Tim Cordle
|
0-0: Fly out, F8 (Flyball, 8RM, EV 89.4 MPH)
|
| Top of the 3rd over - 0 runs, 0 hits, 0 errors, 0 left on base; Beloit 0 - Cedar Rapids 0 |
| BOTTOM OF THE 3RD |
|
Cedar Rapids Kernels batting - Pitching for Beloit Snappers : RHP Eric Stevenson
|
|
Batting: RHB Tony Crespo
|
0-0: Ball 1-0: Ball 2-0: Called Strike 2-1: Foul Ball, location: 2F 2-2: Strikes out swinging
|
|
Batting: RHB Dave Berry
|
0-0: Ball 1-0: Ball 2-0: Ball 3-0: Called Strike 3-1: Called Strike 3-2: Strikes out swinging
|
|
Batting: SHB Matt Urbani
|
0-0: Ball 1-0: Foul Ball, location: 2F 1-1: Fly out, F6 (Popup, 4MS, EV 73.8 MPH)
|
| Bottom of the 3rd over - 0 runs, 0 hits, 0 errors, 0 left on base; Beloit 0 - Cedar Rapids 0 |
| TOP OF THE 4TH |
|
Beloit Snappers batting - Pitching for Cedar Rapids Kernels : LHP Kazuo Nishihara
|
|
Batting: RHB Matt Black
|
0-0: Ball 1-0: Foul Ball, location: 2F 1-1: Foul Ball, location: 2F 1-2: Foul Ball, location: 2F 1-2: Ball 2-2: Foul Ball, location: 2F 2-2: Strikes out swinging
|
|
Batting: LHB Angel Sanchez
|
0-0: Ball 1-0: Ball 2-0: Ball 3-0: Called Strike 3-1: Foul Ball, location: 2F 3-2: Fly out, F4 (Popup, 4D, EV 53.1 MPH)
|
|
Batting: RHB Corbin Schenn
|
0-0: Ball 1-0: Ball 2-0: Foul Ball, location: 2F 2-1: Swinging Strike 2-2: Ball 3-2: Ground out 2-3 (Groundball, 15S, EV 66.9 MPH)
|
| Top of the 4th over - 0 runs, 0 hits, 0 errors, 0 left on base; Beloit 0 - Cedar Rapids 0 |
| BOTTOM OF THE 4TH |
|
Cedar Rapids Kernels batting - Pitching for Beloit Snappers : RHP Eric Stevenson
|
|
Batting: RHB Sean Gould
|
0-0: Ball 1-0: Ground out 4-3 (Groundball, 34, EV 88.8 MPH)
|
|
Batting: RHB Matt Dunn
|
0-0: Called Strike 0-1: Foul Ball, location: 2F 0-2: Ball 1-2: Ball 2-2: Foul Ball, location: 2F 2-2: Ball 3-2: DOUBLE (Groundball, 5L, EV 96.2 MPH)
|
|
Batting: SHB Dan Morataya
|
0-0: Intentional Walk
|
|
Batting: RHB Ryan Gautney
|
0-0: Ball Matt Dunn steals 3rd base 1-0: Called Strike Dan Morataya steals 2nd base 1-1: Called Strike 1-2: Foul Ball, location: 2F 1-2: SINGLE (Groundball, 4M, EV 98.8 MPH) Matt Dunn scores Dan Morataya to third
|
|
Batting: LHB David Campbell
|
0-0: Foul Ball, location: 2F 0-1: Foul Ball, location: 2F 0-2: Strikes out swinging
|
|
Batting: LHB Israel Montoya
|
0-0: DOUBLE (Flyball, 5D, EV 97.5 MPH) Dan Morataya scores Ryan Gautney to third
|
|
Batting: RHB Tony Crespo
|
0-0: Intentional Walk
|
|
Batting: RHB Dave Berry
|
0-0: Swinging Strike 0-1: Fielders Choice at 2nd, 6-4 (Groundball, 6, EV 86.2 MPH)
|
| Bottom of the 4th over - 2 runs, 3 hits, 0 errors, 3 left on base; Beloit 0 - Cedar Rapids 2 |
| TOP OF THE 5TH |
|
Beloit Snappers batting - Pitching for Cedar Rapids Kernels : LHP Kazuo Nishihara
|
|
Batting: RHB Bastiaan Leenders
|
0-0: Ball 1-0: Ball 2-0: Ball 3-0: Called Strike 3-1: DOUBLE (Line Drive, 78D, EV 110.6 MPH)
|
|
Batting: RHB Fathi Addae
|
0-0: Called Strike 0-1: Ball 1-1: SINGLE (Line Drive, 8RS, EV 91.2 MPH) Bastiaan Leenders to third
|
|
Batting: LHB Henry Hutson
|
0-0: Ball 1-0: Ball 2-0: Fly out, F7 (Line Drive, 7, EV 96.2 MPH)
|
|
Batting: RHB D.J. Torres
|
0-0: Ball 1-0: Called Strike 1-1: Called Strike Fathi Addae steals 2nd, throwing error, E2 Bastiaan Leenders scores Fathi Addae to third 1-2: Strikes out swinging
|
|
Batting: SHB Robert Santiago
|
0-0: Called Strike 0-1: Ball 1-1: Called Strike 1-2: Ball 2-2: Ground out 6-3 (Groundball, 6, EV 83.8 MPH)
|
| Top of the 5th over - 1 run, 2 hits, 1 error, 1 left on base; Beloit 1 - Cedar Rapids 2 |
| BOTTOM OF THE 5TH |
|
Cedar Rapids Kernels batting - Pitching for Beloit Snappers : RHP Eric Stevenson
|
|
Batting: SHB Matt Urbani
|
0-0: Ball 1-0: Ball 2-0: Ball 3-0: Base on Balls
|
|
Batting: RHB Sean Gould
|
0-0: Called Strike 0-1: Fly out, F7 (Line Drive, 78M, EV 98.8 MPH)
|
|
Batting: RHB Matt Dunn
|
0-0: Foul Ball, location: 2F 0-1: Called Strike 0-2: Foul Ball, location: 2F 0-2: Ball 1-2: Foul Ball, location: 2F 1-2: Strikes out swinging
|
|
Batting: SHB Dan Morataya
|
0-0: Ball Matt Urbani steals 2nd base 1-0: Intentional Walk
|
|
Batting: RHB Ryan Gautney
|
0-0: Ball 1-0: Foul Ball, location: 2F 1-1: SINGLE (Groundball, 4MD, EV 107.5 MPH) Matt Urbani to third Dan Morataya to second Runner from 3rd tries for Home, SAFE, throw by CF to home
|
|
Batting: LHB David Campbell
|
0-0: Called Strike 0-1: Fielders Choice at 2nd, 6-4 (Groundball, 6, EV 86.2 MPH)
|
| Bottom of the 5th over - 1 run, 1 hit, 0 errors, 2 left on base; Beloit 1 - Cedar Rapids 3 |
| TOP OF THE 6TH |
|
Beloit Snappers batting - Pitching for Cedar Rapids Kernels : LHP Kazuo Nishihara
|
|
Batting: RHB Tim Cordle
|
0-0: Ball 1-0: Foul Ball, location: 2F 1-1: TRIPLE (Flyball, 8LXD, EV 91.2 MPH)
|
|
Batting: RHB Matt Black
|
0-0: Called Strike 0-1: Ball 1-1: Swinging Strike 1-2: Foul Ball, location: 2F 1-2: Ball 2-2: Ball 3-2: Base on Balls
|
|
Batting: LHB Angel Sanchez
|
0-0: Ball 1-0: Foul Ball, location: 2F 1-1: Ball 2-1: Ball 3-1: Reached on error, E1 (Groundball, 15S, EV 69.4 MPH) Tim Cordle scores Matt Black to second
|
|
Batting: RHB Corbin Schenn
|
0-0: Called Strike 0-1: Swinging Strike 0-2: Ball 1-2: Ball 2-2: Foul Ball, location: 2F 2-2: Ground out 5-3 (Groundball, 5S, EV 71.9 MPH) Matt Black to third Angel Sanchez to second
|
|
Pitching: RHP Bruce Wight
|
|
|
Pinch Hitting: LHB Chance Stever
|
0-0: Foul Ball, location: 2F 0-1: Swinging Strike 0-2: Ball 1-2: Ground out 4-3 (Groundball, 4, EV 85.0 MPH) Matt Black scores Angel Sanchez to third
|
|
Batting: RHB Fathi Addae
|
0-0: SINGLE (Groundball, 4M, EV 87.5 MPH) (infield hit) Angel Sanchez scores
|
|
Batting: LHB Henry Hutson
|
0-0: Swinging Strike 0-1: Ball Fathi Addae is caught stealing 2nd base 2-6
|
| Top of the 6th over - 3 runs, 2 hits, 1 error, 0 left on base; Beloit 4 - Cedar Rapids 3 |
| BOTTOM OF THE 6TH |
|
Cedar Rapids Kernels batting - Pitching for Beloit Snappers : RHP Eric Stevenson
|
|
Now in CF: Mario Ramos
|
|
|
Batting: LHB Israel Montoya
|
0-0: Foul Ball, location: 2F 0-1: Called Strike 0-2: Ball 1-2: Ball 2-2: Foul Ball, location: 2F 2-2: Ground out 5-3 (Groundball, 56, EV 109.4 MPH)
|
|
Batting: RHB Tony Crespo
|
0-0: Foul Ball, location: 2F 0-1: Ball 1-1: SINGLE (Groundball, 56D, EV 106.2 MPH)
|
|
Batting: RHB Dave Berry
|
0-0: Ball Tony Crespo is caught stealing 2nd base 2-4 1-0: Swinging Strike 1-1: Ball 2-1: Ground out 6-3 (Groundball, 56, EV 83.8 MPH)
|
| Bottom of the 6th over - 0 runs, 1 hit, 0 errors, 0 left on base; Beloit 4 - Cedar Rapids 3 |
| TOP OF THE 7TH |
|
Beloit Snappers batting - Pitching for Cedar Rapids Kernels : RHP Bruce Wight
|
|
Batting: LHB Henry Hutson
|
0-0: Reached via error on a dropped throw from 1B, E1 (Groundball, 34S, EV 87.5 MPH)
|
|
Batting: RHB D.J. Torres
|
0-0: Bunt missed! 0-1: Sac Bunt to 5S - play at first, batter OUT! 5-3 Henry Hutson to second
|
|
Batting: SHB Robert Santiago
|
0-0: Swinging Strike 0-1: Ball 1-1: Ground out 6-3 (Groundball, 6M, EV 85.6 MPH) Henry Hutson to third
|
|
Batting: RHB Tim Cordle
|
0-0: Ball 1-0: Fly out, F1 (Popup, P, EV 80.6 MPH)
|
| Top of the 7th over - 0 runs, 0 hits, 1 error, 1 left on base; Beloit 4 - Cedar Rapids 3 |
| BOTTOM OF THE 7TH |
|
Cedar Rapids Kernels batting - Pitching for Beloit Snappers : RHP Eric Stevenson
|
|
Pitching: RHP Mike Bowling
|
|
|
Batting: SHB Matt Urbani
|
0-0: Foul Ball, location: 2F 0-1: Called Strike 0-2: Ball 1-2: Ball 2-2: Foul Ball, location: 2F 2-2: Ball 3-2: Ground out U3 (Groundball, 34, EV 85.6 MPH)
|
|
Batting: RHB Sean Gould
|
0-0: Ball 1-0: Called Strike 1-1: Ground out 4-3 (Groundball, 34S, EV 88.8 MPH)
|
|
Batting: RHB Matt Dunn
|
0-0: SINGLE (Groundball, 56D, EV 95.0 MPH)
|
|
Batting: SHB Dan Morataya
|
0-0: Called Strike 0-1: Ball 1-1: Ball 2-1: SINGLE (Groundball, 6S, EV 68.1 MPH) (infield hit) Matt Dunn to second
|
|
Batting: RHB Ryan Gautney
|
0-0: Foul Ball, location: 2F 0-1: Ball 1-1: Ball 2-1: Foul Ball, location: 2F 2-2: Foul Ball, location: 2F 2-2: DOUBLE (Line Drive, 9LM, EV 103.8 MPH) Matt Dunn scores Dan Morataya to third
|
|
Batting: LHB David Campbell
|
0-0: Ball 1-0: SINGLE (Groundball, 6MD, EV 100.0 MPH) Dan Morataya scores Ryan Gautney to third Runner from 3rd tries for Home, SAFE, throw by CF to home
|
|
Pitching: LHP Darby Jones
|
|
|
Batting: LHB Israel Montoya
|
0-0: Called Strike 0-1: Ball 1-1: Foul Ball, location: 2F 1-2: Ball 2-2: Reached on error, E4 (Groundball, 34D, EV 85.0 MPH) David Campbell to third
|
|
Batting: RHB Tony Crespo
|
0-0: Intentional Walk
|
|
Pitching: RHP D.J. Barnes
|
|
|
Batting: RHB Dave Berry
|
0-0: Ball 1-0: Called Strike 1-1: SINGLE (Groundball, 56S, EV 76.2 MPH) (infield hit) David Campbell scores Israel Montoya to third Tony Crespo to second
|
|
Batting: SHB Matt Urbani
|
0-0: Ball 1-0: Ball 2-0: Ball 3-0: Base on Balls Israel Montoya scores Tony Crespo to third Dave Berry to second
|
|
Batting: RHB Sean Gould
|
0-0: Foul Ball, location: 2F 0-1: Ball 1-1: Ball 2-1: Foul Ball, location: 2F 2-2: Strikes out swinging
|
| Bottom of the 7th over - 5 runs, 5 hits, 1 error, 3 left on base; Beloit 4 - Cedar Rapids 8 |
| TOP OF THE 8TH |
|
Beloit Snappers batting - Pitching for Cedar Rapids Kernels : RHP Bruce Wight
|
|
Pitching: LHP David Gordon
|
|
|
Batting: RHB Matt Black
|
0-0: Ball 1-0: Ball 2-0: Called Strike 2-1: Called Strike 2-2: Strikes out looking
|
|
Batting: LHB Angel Sanchez
|
0-0: Ball 1-0: Called Strike 1-1: Ground out 4-3 (Groundball, 34, EV 90.0 MPH)
|
|
Batting: RHB Corbin Schenn
|
0-0: Ball 1-0: Foul Ball, location: 2F 1-1: Ball 2-1: Foul Ball, location: 2F 2-2: Foul Ball, location: 2F 2-2: Foul Ball, location: 2F 2-2: Strikes out swinging
|
| Top of the 8th over - 0 runs, 0 hits, 0 errors, 0 left on base; Beloit 4 - Cedar Rapids 8 |
| BOTTOM OF THE 8TH |
|
Cedar Rapids Kernels batting - Pitching for Beloit Snappers : RHP D.J. Barnes
|
|
Pitching: RHP Tony Botello
|
|
|
Batting: RHB Matt Dunn
|
0-0: Ball 1-0: Swinging Strike 1-1: Ball 2-1: Foul Ball, location: 2F 2-2: Ball 3-2: SOLO HOME RUN (Flyball, 8RXD, EV 106.9 MPH), Distance : 418 ft
|
|
Batting: SHB Dan Morataya
|
0-0: Called Strike 0-1: Foul Ball, location: 2F 0-2: Strikes out swinging
|
|
Batting: RHB Ryan Gautney
|
0-0: Called Strike 0-1: Ball 1-1: SINGLE (Groundball, 5D, EV 108.8 MPH)
|
|
Batting: LHB David Campbell
|
0-0: Ball 1-0: Ball 2-0: SINGLE (Groundball, 6D, EV 98.1 MPH) Ryan Gautney to second
|
|
Batting: LHB Israel Montoya
|
0-0: Ball 1-0: Swinging Strike 1-1: Ball 2-1: Foul Ball, location: 2F 2-2: Ball 3-2: Fly out, F7 (Flyball, 7LM, EV 95.6 MPH)
|
|
Batting: RHB Tony Crespo
|
0-0: Swinging Strike 0-1: Ball 1-1: Called Strike 1-2: Ground out 6-3 (Groundball, 56, EV 101.9 MPH)
|
| Bottom of the 8th over - 1 run, 3 hits, 0 errors, 2 left on base; Beloit 4 - Cedar Rapids 9 |
| TOP OF THE 9TH |
|
Beloit Snappers batting - Pitching for Cedar Rapids Kernels : LHP David Gordon
|
|
Batting: RHB Mario Ramos
|
0-0: Ball 1-0: Swinging Strike 1-1: Foul Ball, location: 2F 1-2: Strikes out swinging
|
|
Batting: RHB Fathi Addae
|
0-0: Foul Ball, location: 2F 0-1: Ball 1-1: Swinging Strike 1-2: Ball 2-2: Foul Ball, location: 2F 2-2: Ball 3-2: Foul Ball, location: 2F 3-2: Base on Balls
|
|
Batting: LHB Henry Hutson
|
0-0: Foul Ball, location: 2F 0-1: Ball 1-1: Grounds into double play, 5-4-3 (Groundball, 5L, EV 100.0 MPH)
|
| Top of the 9th over - 0 runs, 0 hits, 0 errors, 0 left on base; Beloit 4 - Cedar Rapids 9 |
|